 Dungeon Crawl Stone Soup version 0.28-a0-1182-g381e24db82 (webtiles) character file.

Game seed: 6005638966337654230

116354 Essalna the Stormcaller (level 16, 0/106 HPs)
             Began as a Tengu Air Elementalist on Dec 17, 2021.
             Was the Champion of Vehumet.
             Slain by a spectral anaconda (6 damage)
             ... called from beyond by a ghost crab
             ... on level 1 of the Swamp.
             The game lasted 01:12:12 (30931 turns).

Essalna the Stormcaller (Tengu Air Elementalist)   Turns: 30931, Time: 01:12:12

Health: 0/106      AC: 15    Str:  9    XL:     16   Next: 71%
Magic:  0/39       EV: 25    Int: 26    God:    Vehumet [******]
Gold:   2505       SH:  5    Dex: 15    Spells: 16/41 levels left

rFire   + + .      SeeInvis .   E - +5 club (spect)
rCold   + . .      Faith    .   L - +0 buckler {rN+}
rNeg    + . .      Spirit   +   p - +4 moon troll leather armour {Spirit, Regen++ MP+5}
rPois   .          Reflect  .   t - +1 hat
rElec   .          Harm     .   g - scarf {rC+ rF+}
rCorr   .          Rampage  .   M - +4 pair of gloves of Faamyrch {Int+3}
Will    +....                   (boots unavailable)
Stlth   ++........              N - amulet of magic regeneration
HPRegen 1.87/turn               e - ring of protection from fire
MPRegen 0.66/turn               y - +4 ring of evasion

@: on berserk cooldown, flying quickly and evasively, slowed, very slow
A: beak, talons 3, nimble flight
a: Renounce Religion


You were on level 1 of the Swamp.
You worshipped Vehumet.
Vehumet was exalted by your worship.
You visited 5 branches of the dungeon, and saw 25 of its levels.
You also visited: Ossuary, Bailey and Volcano.

You collected 3488 gold pieces.
You spent 983 gold pieces at shops.

Inventory:

Hand Weapons
 E - a +5 spectral club (weapon)
Armour
 g - a scarf of resistance (worn)
 p - the +4 moon troll leather armour (worn) {Spirit, Regen++ MP+5}
   (You bought it in a shop on level 6 of the Dungeon)

   MP:        It affects your magic capacity (+5).
   Regen:     It increases your rate of health regeneration.
 t - a +1 hat (worn)
 D - a +2 robe of cold resistance
 L - a +0 buckler of positive energy (worn)
 M - the +4 pair of gloves of Faamyrch (worn) {Int+3}
   (You bought it in a shop on level 2 of the Orcish Mines)

   Int:       It affects your intelligence (+3).
Magical Staves
 b - a staff of air
Jewellery
 c - a ring of ice
 e - a ring of protection from fire (left hand)
 j - a ring of willpower
 r - the macabre finger necklace {rN+}
   (You found it in a bailey)

   [amulet of nothing]

   It enables you to equip an extra ring.
   rN:        It protects you from negative energy.
 u - a +4 ring of evasion
 v - a ring of resist corrosion
 y - a +4 ring of evasion (right hand)
 A - an amulet of regeneration
 F - a +6 ring of dexterity
 K - a ring of wizardry
 N - an amulet of magic regeneration (around neck)
 Q - a ring of wizardry
Wands
 I - a wand of iceblast (12)
 J - a wand of digging (6)
 U - a wand of mindburst (1)
 Z - a wand of polymorph (10)
Scrolls
 f - a scroll of blinking
 h - 4 scrolls of teleportation
 k - 19 scrolls of identify
 n - a scroll of enchant weapon
 x - 4 scrolls of magic mapping
 z - a scroll of fear
 B - 3 scrolls of summoning
 H - 3 scrolls of enchant armour {unknown}
 O - a scroll of fog
 P - a scroll of holy word {unknown}
 S - 4 scrolls of immolation
 V - 2 scrolls of vulnerability
 W - 2 scrolls of torment
Potions
 a - a potion of degeneration {unknown}
 d - 3 potions of brilliance
 i - 3 potions of might {unknown}
 l - 11 potions of heal wounds {unknown}
 m - 2 potions of mutation {unknown}
 o - 4 potions of magic {unknown}
 q - a potion of curing
 s - 8 potions of attraction {unknown}
 C - 7 potions of ambrosia
 G - 5 potions of lignification {unknown}
 R - 3 potions of resistance {unknown}
 T - 4 potions of haste {unknown}
 X - a potion of invisibility
 Y - a potion of cancellation {unknown}


   Skills:
 + Level 14.2 Fighting
 - Level 6.3 Armour
 - Level 12.0 Dodging
 - Level 2.0 Stealth
 - Level 4.0 Shields
 + Level 13.4 Spellcasting
 - Level 14.0 Conjurations
 + Level 8.8 Ice Magic
 - Level 15.0 Air Magic


You had 16 spell levels left.
You knew the following spells:

 Your Spells              Type           Power      Damage    Failure   Level
b - Swiftness             Air            77%        N/A       1%          3
c - Airstrike             Air            38%        N/A       1%          4
d - Lightning Bolt        Conj/Air       37%        1d56      1%          5
e - Ozocubu's Refrigerat  Ice            29%        4d10      24%         7
f - Conjure Ball Lightni  Conj/Air       37%        3x3d12    1%          6

Your spell library contained the following spells:

 Spells                   Type           Power      Damage    Failure   Level
 Starburst                Conj/Fire      26%        6d8       11%         6
 Shock                    Conj/Air       100%       1d9       0%          1
 Static Discharge         Conj/Air       75%        N/A       0%          2
 Ozocubu's Armour         Ice            59%        N/A       1%          3
 Freezing Cloud           Conj/Ice/Air   35%        6-21      1%          5
 Irradiate                Conj/Tmut      26%        3d22      1%          5
 Animate Skeleton         Necr           34%        N/A       4%          1
 Apportation              Tloc           34%        N/A       4%          1
 Slow                     Hex            68%        N/A       4%          1
 Summon Small Mammal      Summ           68%        N/A       4%          1
 Passwall                 Tmut/Erth      14%        N/A       6%          2
 Sublimation of Blood     Necr           17%        N/A       6%          2
 Call Canine Familiar     Summ           17%        N/A       13%         3
 Confusing Touch          Hex            17%        N/A       13%         3
 Gell's Gravitas          Tloc           17%        N/A       13%         3
 Portal Projectile        Hex/Tloc       34%        N/A       13%         3
 Summon Guardian Golem    Hex/Summ       17%        N/A       13%         3
 Teleport Other           Tloc           17%        N/A       13%         3
 Vampiric Draining        Necr           17%        2d7       13%         3
 Metabolic Englaciation   Hex/Ice        20%        N/A       19%         5
 Lee's Rapid Deconstruct  Erth           8%         3d8*      28%         5
 Leda's Liquefaction      Hex/Erth       8%         N/A       38%         4
 Petrify                  Tmut/Erth      17%        N/A       38%         4
 Simulacrum               Ice/Necr       20%        N/A       71%         6
 Alistair's Intoxication  Tmut/Pois      11%        N/A       75%         5
 Borgnjor's Vile Clutch   Necr/Erth      8%         N/A       75%         5
 Eringya's Noxious Bog    Tmut/Pois      8%         N/A       82%         6
 Dispersal                Tloc           8%         N/A       100%        6
 Statue Form              Tmut/Erth      11%        N/A       100%        6
 Polar Vortex             Ice            29%        N/A       100%        9


Dungeon Overview and Level Annotations

Branches:
Dungeon (15/15)            Temple (1/1) D:7            Lair (6/6) D:10
  Swamp (1/4) Lair:4        Snake (0/4) Lair:2        Slime (0/5) Lair:6
    Orc (2/2) D:11            Elf (0/3) Orc:2        Vaults (0/5) D:13
Ossuary (visited)          Bailey (visited)         Volcano (visited)
 Depths: D:15

Altars:
Ashenzari
Cheibriados
Elyvilon
Fedhas
Gozag
Hepliaklqana
Kikubaaqudgha
Makhleb
Nemelex Xobeh
Qazlal
Sif Muna
Trog
Uskayaw
Vehumet
Wu Jian
Yredelemnul
Zin
The Shining One
Beogh
Jiyva

Shops:
D:3 :**   D:6 *   D:9 *   Orc:1 *   Orc:2 !*[(*

Annotations:
Orc:1 1 transporter, Stonecrops's ghost, journeyman GrFi


Innate Abilities, Weirdness & Mutations

You have a beak for a mouth.
You have claws for feet.
Your magical nature lets you fly swiftly and evasively.


Message History

You hit the ghost crab. You claw the ghost crab.
You peck the ghost crab, but do no damage.
The ghost crab is almost destroyed.
Your +5 spectral club hits the ghost crab.
You are engulfed in spectral mist.
* * * LOW HITPOINT WARNING * * *
Your +5 spectral club is engulfed in spectral mist.
Your spectral weapon shares its damage with you!
Your +5 spectral club is engulfed in spectral mist.
Your spectral weapon shares its damage with you!
* * * LOW HITPOINT WARNING * * *
Your +5 spectral club is engulfed in spectral mist.
The ghost crab breathes spectral mist at your +5 spectral club.
The spectral mist engulfs your +5 spectral club but does no damage.
Your +5 spectral club is engulfed in spectral mist.
Your spectral weapon shares its damage with you!
* * * LOW HITPOINT WARNING * * *
The ghost crab breathes spectral mist at your +5 spectral club.
The spectral mist engulfs your +5 spectral club but does no damage.
You completely miss the ghost crab.
The ghost crab is almost destroyed.
Your +5 spectral club hits the ghost crab but does no damage.
You are engulfed in spectral mist.
* * * LOW HITPOINT WARNING * * *
Your +5 spectral club is engulfed in spectral mist.
Your spectral weapon shares its damage with you!
* * * LOW HITPOINT WARNING * * *
Your +5 spectral club is engulfed in spectral mist.
Your spectral weapon shares its damage with you!
Your +5 spectral club is engulfed in spectral mist.
Your spectral weapon shares its damage with you!
* * * LOW HITPOINT WARNING * * *
The spectral anaconda completely misses you. x3
You block the spectral anaconda's attack.
Your +5 spectral club is engulfed in spectral mist.
Your spectral weapon shares its damage with you!
* * * LOW HITPOINT WARNING * * *
The spectral anaconda completely misses you.
The spectral anaconda bites you!
You die...

♣♣♣♣♣♣ ♣♣♣♣ ♣♣≈..≈♣♣ ♣.≈♣
♣♣♣♣...≈.≈♣ ♣♣.≈♣♣
♣♣≈.○...≈..♣♣ ♣....♣ ≈♣
♣≈.≈≈≈"≈≈...♣♣♣≈.♣♣♣ ≈♣
♣.≈≈≈≈≈≈≈≈≈..♣♣♣≈.♣ .♣
♣≈≈))≈≈≈≈≈≈≈.♣♣..§♣♣♣♣♣♣
.♣
♣≈≈≈..≈§§≈≈○Z○☼≈≈.♣♣.≈≈♣
.♣
♣......≈≈≈.○t@○÷≈...≈≈.♣
.♣
♣♣≈.≈≈.≈≈.☼○(☼°.....<≈.♣
.♣
♣≈≈≈.≈.♣♣♣.☼°○..≈≈..≈♣♣♣ ♣
♣♣....≈♣♣≈.☼≈§○☼..§†.♣♣
♣♣♣.>≈..♣♣♣♣≈.≈≈§≈...§≈.♣
♣♣.≈≈..≈♣ ♣♣^.♣...≈≈≈≈.♣
♣♣♣.§t♣♣♣♣♣ ♣..♣♣≈≈.≈≈≈.♣♣
.♣♣♣..≈♣..♣♣♣≈....≈..÷†.≈♣
≈.♣♣≈...≈.≈♣ ♣≈§.≈.≈..♣♣♣♣


You could see a ghost crab (ally target), a spectral anaconda (summoned) and a
friendly +5 spectral club (summoned).

Vanquished Creatures
  2 orc warlords (Orc:2)
  3 bunyips (Swamp:1)
  A dire elephant (Lair:6)
  A red draconian (Volcano)
  Snorg (Lair:6)
  A fire dragon (D:15)
  3 vault guards (D:13)
  9 hydras
  Fannar (D:11)
  An ogre mage (D:14)
  3 boulder beetles
  2 catoblepae (Lair:6)
  2 two-headed ogres
  4 centaur warriors
  2 death knights
  4 tengu warriors (D:14)
  6 death yaks (Lair:6)
  A deep troll shaman (Lair:6)
  An orc high priest (Orc:2)
  9 hell knights (D:11)
  2 spriggans (Swamp:1)
  11 skeletal warriors
  2 bog bodies (Swamp:1)
  A swamp dragon (shapeshifter) (D:14)
  2 swamp dragons (Swamp:1)
  4 orc knights
  A necromancer (D:11)
  A lindwurm (Lair:3)
  4 orc sorcerers
  13 ugly things
  A wolf spider (D:15)
  3 salamanders (Volcano)
  4 manticores
  13 elephants
  9 cyclopes
  9 black mambas
  4 molten gargoyles (Volcano)
  19 cane toads
  2 gargoyles
  2 kobold demonologists (D:10)
  2 freezing wraiths (D:12)
  7 rime drakes
  A tengu conjurer (D:14)
  12 komodo dragons
  A queen bee (D:10)
  A troll (shapeshifter) (D:15)
  4 trolls
  4 polar bears
  3 hornets
  13 blink frogs
  A jumping spider (shapeshifter) (D:14)
  17 slime creatures
  The ghost of ChaosChampion the Insei, an amateur OpTm (D:6)
  6 dream sheep (Lair:6)
  3 shadows
  4 wraiths
  A wyvern (D:9)
  A redback (D:13)
  2 tarantellas (shapeshifter) (D:14)
  2 vampires
  36 yaks
  9 humans (D:13)
  7 basilisks
  14 vampire mosquitoes
  2 steam dragons
  2 wargs (D:10)
  3 swamp worms (Swamp:1)
  Edmund (D:4)
  19 water moccasins
  2 acid dragons
  7 hell hounds (D:11)
  40 orc warriors
  An ice beast (D:8)
  A sky beast (D:6)
  2 black bears
  4 ogres
  4 wolves (Lair:6)
  3 centaurs
  A phantom (D:6)
  7 kobold brigands
  9 bullfrogs
  2 gnoll sergeants
  2 scorpions
  A water moccasin skeleton (D:5)
  23 killer bees (D:10)
  14 wights
  2 electric eels
  9 howler monkeys
  A bullfrog zombie (D:5)
  6 centaur zombies
  Crazy Yiuf (D:6)
  3 jellies
  24 orc priests
  A centaur skeleton (D:6)
  A gnoll shaman (D:5)
  3 hounds
  A bullfrog skeleton (D:5)
  3 iguanas
  Ijyb (D:5)
  18 orc wizards
  4 hell rats (Lair:6)
  2 killer bee zombies
  A hound skeleton (D:4)
  3 mummies (Ossuary)
  A howler monkey zombie (D:10)
  5 gnolls (D:8)
  6 adders
  2 shadow imps
  3 white imps
  An ufetubus (D:5)
  A worm (D:4)
  104 orcs
  6 ball pythons
  11 endoplasms
  A giant cockroach (D:2)
  17 goblins
  8 hobgoblins
  7 jackals
  3 quokkas
  5 bats
  3 frilled lizards
  4 goblin zombies
  5 hobgoblin zombies (Ossuary)
  38 kobolds
  A kobold zombie (Ossuary)
  A quokka zombie (D:5)
  5 rats
788 creatures vanquished.

Vanquished Creatures (collateral kills)
  A ball lightning (D:11)
1 creature vanquished.

Vanquished Creatures (others)
  A deep elf pyromancer (D:15)
  2 hornets (Swamp:1)
  A spriggan (Swamp:1)
  21 ball lightnings
  3 bushes (Lair:6)
  69 fungi
  97 plants
194 creatures vanquished.

Grand Total: 983 creatures vanquished

Notes
Turn   | Place    | Note
-------+----------+-------------------------------------------
     0 | D:1      | Essalna the Tengu Air Elementalist began the quest for the
                  | Orb.
     0 | D:1      | Reached XP level 1. HP: 10/10 MP: 4/4
   246 | D:1      | Reached XP level 2. HP: 12/15 MP: 0/6
   352 | D:1      | Found a faded altar of an unknown god.
   730 | D:1      | Reached XP level 3. HP: 19/19 MP: 1/7
   852 | D:1      | Learned a level 3 spell: Swiftness
  1793 | D:2      | Found a bloodstained altar of Trog.
  2059 | D:2      | Reached skill level 5 in Air Magic
  2059 | D:2      | Reached XP level 4. HP: 24/24 MP: 5/9
  2151 | D:3      | Found Zidgh's General Store.
  2173 | D:3      | Found Appya's General Store.
  2272 | D:3      | Learned a level 4 spell: Airstrike
  2328 | D:3      | Found Ajilofi's Book Emporium.
  2804 | D:3      | Reached skill level 1 in Fighting
  2804 | D:3      | Reached skill level 1 in Armour
  2804 | D:3      | Gained mutation: Your magical nature lets you fly swiftly
                  | and evasively. [Tengu growth]
  2804 | D:3      | Reached XP level 5. HP: 28/29 MP: 3/10
  3157 | D:4      | Noticed Edmund
  3474 | D:4      | Killed Edmund
  3475 | D:4      | Reached XP level 6. HP: 22/35 MP: 2/12
  3675 | D:4      | Reached skill level 6 in Air Magic
  3729 | D:4      | Found a sparkling altar of Nemelex Xobeh.
  3972 | D:4      | Noticed a black bear
  3983 | D:4      | Killed a black bear
  3984 | D:4      | Reached XP level 7. HP: 40/40 MP: 5/13
  4074 | D:5      | Entered Level 5 of the Dungeon
  4090 | D:5      | Found a sand-covered staircase.
  4098 | Ossuary  | Entered an ossuary
  4098 | Ossuary  | Noticed a wraith
  4098 | Ossuary  | Noticed a wraith
  4098 | Ossuary  | Noticed a wraith
  4572 | Ossuary  | Noticed a wraith
  4584 | Ossuary  | Killed a wraith
  5123 | D:5      | Noticed Ijyb
  5135 | D:5      | Killed Ijyb
  5226 | D:5      | Reached XP level 8. HP: 46/46 MP: 10/15
  5471 | D:5      | Reached skill level 7 in Air Magic
  5916 | D:6      | Reached skill level 5 in Dodging
  5935 | D:6      | Found a transporter.
  5936 | D:6      | Noticed a cyclops
  5940 | D:6      | Noticed ChaosChampion's ghost (amateur OpTm)
  5952 | D:6      | Found a transporter.
  5953 | D:6      | Noticed a shadow
  6085 | D:6      | Reached skill level 5 in Spellcasting
  6178 | D:6      | Reached skill level 5 in Armour
  6178 | D:6      | Reached XP level 9. HP: 46/52 MP: 17/17
  6224 | D:6      | Reached skill level 8 in Air Magic
  6224 | D:6      | Identified the +0 ring mail of the Catamount {Int+2}
  6273 | D:6      | Found Satiug's General Store.
  6364 | D:6      | Found a runed translucent door.
  6365 | D:6      | Noticed Crazy Yiuf
  6400 | D:6      | Found an opulent altar of Gozag.
  6551 | D:6      | Reached skill level 5 in Fighting
  6817 | D:6      | Killed Crazy Yiuf
  7044 | D:7      | Found a staircase to the Ecumenical Temple.
  7089 | Temple   | Entered the Ecumenical Temple
  7171 | Temple   | Became a worshipper of Vehumet
  7606 | D:7      | Found a stormy altar of Qazlal.
  7700 | D:8      | Identified 2 scrolls of acquirement
  7700 | D:8      | Acquired a +0 hat of see invisible
  7898 | D:8      | Noticed a hornet
  7903 | D:8      | Killed a hornet
  7904 | D:8      | Reached skill level 9 in Air Magic
  8011 | D:8      | Reached XP level 10. HP: 60/60 MP: 12/20
  8128 | D:8      | Reached * piety under Vehumet
  8128 | D:8      | Offered knowledge of Foxfire by Vehumet.
  8724 | D:6      | Killed a cyclops
  8724 | D:6      | Reached ** piety under Vehumet
  8726 | D:6      | Offered knowledge of Poisonous Vapours by Vehumet.
  8730 | D:6      | Killed ChaosChampion's ghost
  8731 | D:6      | Reached skill level 10 in Air Magic
  8761 | D:6      | Acquired 724 gold pieces
  8813 | D:6      | Bought the +4 moon troll leather armour {Spirit, Regen++
                  | MP+5} for 708 gold pieces
  8813 | D:6      | Found the +4 moon troll leather armour {Spirit, Regen++
                  | MP+5}
  9114 | D:9      | Found a broken altar of Ashenzari.
  9119 | D:9      | Reached skill level 1 in Shields
  9139 | D:9      | Found Zin's Purification Station.
  9143 | D:9      | Found a glowing silver altar of Zin.
  9533 | D:9      | Found a glowing golden altar of the Shining One.
  9801 | D:10     | Entered Level 10 of the Dungeon
  9801 | D:10     | Noticed a kobold demonologist
  9804 | D:10     | Noticed a kobold demonologist
  9806 | D:10     | Noticed a sixfirhy
  9833 | D:10     | Killed a kobold demonologist
  9853 | D:10     | Noticed a sixfirhy
  9859 | D:10     | Killed a kobold demonologist
  9951 | D:10     | Noticed a gargoyle
  9957 | D:10     | Killed a gargoyle
 10087 | D:10     | Offered knowledge of Mephitic Cloud by Vehumet.
 10250 | D:10     | Reached XP level 11. HP: 67/67 MP: 20/22
 10338 | D:10     | Found the +15 Maxwell's patent armour {-Cast -Tele rElec
                  | Will+ rCorr}
 10393 | D:10     | Reached *** piety under Vehumet
 10562 | D:10     | Identified the +2 robe of Nier {+Inv rF- rCorr}
 10599 | D:10     | Found a staircase to the Lair.
 10611 | Lair:1   | Entered Level 1 of the Lair of Beasts
 10629 | Lair:1   | Reached skill level 11 in Air Magic
 10758 | Lair:1   | Noticed a five-headed hydra
 10765 | Lair:1   | Killed a five-headed hydra
 11831 | Lair:2   | Offered knowledge of Fulminant Prism by Vehumet.
 11964 | Lair:2   | Found a staircase to the Snake Pit.
 12382 | Lair:2   | Reached skill level 12 in Air Magic
 12758 | Lair:2   | Reached XP level 12. HP: 71/75 MP: 11/25
 13075 | Lair:2   | Reached skill level 10 in Dodging
 14350 | Lair:3   | Reached **** piety under Vehumet
 14378 | Lair:3   | Reached skill level 13 in Air Magic
 14617 | Lair:3   | Offered knowledge of Lightning Bolt by Vehumet.
 14704 | Lair:3   | Learned a level 5 spell: Lightning Bolt
 16080 | Lair:4   | Noticed a five-headed hydra
 16088 | Lair:4   | Killed a five-headed hydra
 16273 | Lair:4   | Reached XP level 13. HP: 82/82 MP: 8/27
 16401 | Lair:4   | Reached skill level 10 in Fighting
 16412 | Lair:4   | Reached skill level 5 in Conjurations
 17073 | Lair:4   | Found a staircase to the Swamp.
 17838 | Lair:5   | Reached skill level 14 in Air Magic
 18090 | Lair:5   | Reached skill level 10 in Spellcasting
 19016 | Lair:6   | Entered Level 6 of the Lair of Beasts
 19081 | Lair:6   | Found a staircase to the Slime Pits.
 19081 | Lair:6   | Found a viscous altar of Jiyva.
 19155 | Lair:6   | Reached ***** piety under Vehumet
 19257 | Lair:6   | Learned a level 7 spell: Ozocubu's Refrigeration
 19290 | Lair:6   | Offered knowledge of Conjure Ball Lightning by Vehumet.
 19307 | Lair:6   | Learned a level 6 spell: Conjure Ball Lightning
 19640 | Lair:6   | Noticed Snorg
 19645 | Lair:6   | Killed Snorg
 19865 | Lair:6   | Reached skill level 1 in Ice Magic
 19958 | Lair:6   | Identified the +3 barding of the Orcish Mines {Harm Str+2}
 20256 | Lair:5   | Reached XP level 14. HP: 90/90 MP: 9/29
 20729 | Lair:6   | Noticed a dire elephant
 20745 | Lair:6   | Killed a dire elephant
 20746 | Lair:6   | Reached skill level 15 in Air Magic
 22866 | D:11     | Reached skill level 10 in Conjurations
 23112 | D:11     | Found a staircase to the Orcish Mines.
 23307 | D:11     | Reached skill level 5 in Ice Magic
 23309 | D:11     | Noticed Fannar
 23314 | D:11     | Killed Fannar
 23593 | Orc:1    | Entered Level 1 of the Orcish Mines
 23784 | Orc:1    | Found Esavviu's Assorted Antiques.
 23875 | Orc:1    | Found a transporter.
 23876 | Orc:1    | Noticed Stonecrops's ghost (journeyman GrFi)
 23878 | Orc:1    | Identified the +10 great mace of the Boiling Point {speed,
                  | *Rage rN+ MP+9}
 23929 | Orc:2    | Entered Level 2 of the Orcish Mines
 23929 | Orc:2    | Found Meacob's Assorted Antiques.
 23929 | Orc:2    | Found a staircase to the Elven Halls.
 23933 | Orc:2    | Offered knowledge of Hailstorm by Vehumet.
 24187 | Orc:2    | Found a dark tunnel.
 24201 | Volcano  | Entered a volcano
 24247 | Volcano  | Reached XP level 15. HP: 96/96 MP: 20/31
 24489 | Volcano  | Noticed an orb of fire
 24518 | Volcano  | Noticed an orb of fire
 25083 | Orc:2    | Noticed an orc warlord
 25128 | Orc:2    | Killed an orc warlord
 25144 | Orc:2    | Reached ****** piety under Vehumet
 25205 | Orc:2    | Offered knowledge of Iskenderun's Battlesphere by Vehumet.
 25702 | Orc:2    | Found Jipyl's Distillery.
 25800 | Orc:2    | Found Zeobeqiehes's General Store.
 25847 | Orc:2    | Found Oseulim's Antique Weapon Boutique.
 25849 | Orc:2    | Found Gon Cocecs's Antique Armour Shop.
 25862 | Orc:2    | Bought a pair of masterwork gloves for 275 gold pieces
 25862 | Orc:2    | Identified the +4 pair of gloves of Faamyrch {Int+3} (You
                  | bought it in a shop on level 2 of the Orcish Mines)
 25911 | Orc:1    | Noticed an orc warlord
 25921 | Orc:2    | Killed an orc warlord
 27481 | D:13     | You are sucked into a shaft and drop 2 floors!
 27481 | D:15     | Entered Level 15 of the Dungeon
 27855 | D:15     | Noticed a quicksilver dragon
 27860 | D:15     | a quicksilver dragon changed into a dire elephant
 27866 | D:15     | Noticed a frost giant
 27866 | D:15     | a dire elephant changed into a frost giant
 27870 | D:15     | a frost giant changed into an iron troll
 28188 | D:14     | Found a flagged portal.
 28194 | D:14     | Identified the +3 halberd "Yshrepacaf" {spect, Will+ rCorr
                  | Dex+5}
 28202 | Bailey   | Entered a bailey
 28285 | Bailey   | Reached XP level 16. HP: 48/104 MP: 13/33
 28396 | Bailey   | Found the macabre finger necklace {rN+}
 28748 | D:13     | Offered knowledge of Fireball by Vehumet.
 28888 | D:13     | Identified the +3 plate armour of Duty {Stlth+}
 28977 | D:13     | Found a gate to the Vaults.
 30565 | Swamp:1  | Entered Level 1 of the Swamp
 30671 | Swamp:1  | Found a glowing golden altar of the Shining One.
 30879 | Swamp:1  | Offered knowledge of Starburst by Vehumet.
 30909 | Swamp:1  | Paralysed by a hornet for 2 turns
 30918 | Swamp:1  | HP: 5/159 [ghost crab (3)]
 30919 | Swamp:1  | HP: 1/159 [ghost crab] (3)]
 30931 | Swamp:1  | Slain by a spectral anaconda

Illustrated notes

Levels and vault maps discovered:
D:1:      minmay_arrival_four_loops, layout_basic, ebering_ecumenical_altar_box,
          st_stairs_13, minmay_indecisive_spiral
D:2:      layout_rooms, basic_altar, kennysheep_generic_room_9
D:3:      layout_loops_ring, serial_shops, shop, nicolae_shop_trees,
          nicolae_shop_waterfront, guppyfry_early_orc_mine
D:4:      layout_gridville, mainiacjoe_overflow_alcove_1, uniq_edmund
D:5:      layout_gridville, enter_ossuary_4, grunt_tough_drop, uniq_ijyb
D:6:      layout_basic, kennysheep_little_box, gammafunk_ghost_arena,
          serial_shops, shop, minmay_door_square, uniq_crazy_yiuf_cottage
D:7:      layout_cave_pools, nicolae_qazlal_scattered_showers,
          minmay_temple_entry_proselytizer
D:8:      layout_rooms, special_room [special_room_orc]
D:9:      layout_irregular_city, nicolae_ashenzari_skybound, zin_purify,
          tso_metal_star, minmay_misc_feat_ornament, minivault_14
D:10:     layout_grid_maze, erik_lair_orcish_takeover, special_room
          [special_room_bee], minmay_misc_feat_tower, corexii_corridor_pit,
          kennysheep_nub, minmay_stone_trees_small, grunt_ministairs_14,
          dreamdust_deal_with_the_devil
D:11:     layout_roguey, orc_0_dummy, minmay_rotating_lava, uniq_fannar
D:12:     layout_long_grid
D:13:     layout_roguey, ximxim_vaults_locker_room, evilmike_butchery
D:14:     minmay_the_grid_3x2 [minmay_the_grid_all_tris, minmay_the_grid_tree,
          minmay_the_grid_paths, minmay_the_grid_tiny_cups,
          minmay_the_grid_odd_star, minmay_the_grid_prize_shrinking_boxes],
          layout_irregular_city, hangedman_decor_clover_reticule, enter_bailey_2
D:15:     hangedman_depths_entry_try_elsewhere_first, layout_rooms,
          minmay_misc_feat_nine_boxes, minmay_misc_feat_chi
Temple:   lightli_temple_of_artemis
Lair:1:   wander_river, layout_chaotic_city, nicolae_quartered_pool_little
Lair:2:   layout_cave_pods, minmay_snake_entry_six_corridors
Lair:3:   wad_woods_structure_01, layout_loops_ring, guppyfry_lair_drakes
Lair:4:   layout_small_grid, swamp_mist_pool
Lair:5:   layout_small_grid, grunt_megastairs_2
Lair:6:   grunt_lair_end_beastmaster, layout_regular_city, slime_altar_1,
          st_stairs_9, uniq_snorg
Swamp:1:  layout_basic_swamp, nicolae_swamp_godswood, swamp_pool1, uniq_frances
Orc:1:    layout_caves, basic_altar, gammafunk_ghost_smash, serial_shops,
          nicolae_shop_hallway_plus
Orc:2:    grunt_orc_community_town_hall, layout_diamond_mine,
          grunt_orc_community_big_house_2, grunt_orc_community_big_house_2,
          grunt_orc_community_house_3, grunt_orc_community_house_2,
          grunt_orc_community_house_1, grunt_orc_community_house_2,
          grunt_orc_community_house_2, nicolae_volcano_entry_lava_flow,
          serial_shops, shop_coins, portal_ice_cave_entry_pillars_1

Skill      XL: |  1  2  3  4  5  6  7  8  9 10 11 12 13 14 15 16 |
---------------+-------------------------------------------------+-----
Conjurations   | 2 4 7 10 12 14 | 14.0
Air Magic      | 5 6 7 9 10 12 13 14 15 | 15.0
Spellcasting   | 3 4 5 6 7 8 9 10 11 12 13 | 13.4
Fighting       | 1 2 3 4 5 7 8 9 11 12 13 14 | 14.2
Armour         | 1 2 3 5 6 |  6.3
Dodging        | 3 4 5 7 8 9 11 12 | 12.0
Shields        | 2 4 |  4.0
Ice Magic      | 1 5 7 8 |  8.8
Stealth        | |  2.0

Action                   |  1- 3 |  4- 6 |  7- 9 | 10-12 | 13-15 | 16-18 || total
-------------------------+-------+-------+-------+-------+-------+-------++-------
Melee: Unarmed           |    21 |    10 |       |       |       |       ||    31
       Kick              |     6 |     1 |    53 |    66 |   124 |    26 ||   276
       Peck              |     2 |     3 |    33 |    33 |    84 |    21 ||   176
       Dagger            |       |    14 |    29 |       |       |       ||    43
       Club              |       |       |   165 |   203 |   404 |    81 ||   853
 Cast: Shock             |    66 |    86 |   179 |   120 |     2 |       ||   453
       Airstrike         |       |     3 |     4 |   207 |   106 |     6 ||   326
       Lightning Bolt    |       |       |       |       |   492 |   162 ||   654
       Conjure Ball Ligh |       |       |       |       |     8 |     1 ||     9
       Swiftness         |       |       |       |       |       |     1 ||     1
  Use: Scroll            |     1 |       |     9 |     2 |    16 |       ||    28
       Potion            |       |       |       |       |    10 |     2 ||    12
 Stab: Sleeping          |     2 |     2 |     3 |     1 |       |       ||     8
       Distracted        |       |       |     1 |     4 |     6 |     3 ||    14
Armor: Robe              |     4 |       |       |       |       |       ||     4
       Troll leather arm |     4 |    14 |    40 |    52 |   101 |    62 ||   273
Dodge: Dodged            |    14 |    19 |   272 |   302 |   703 |   175 ||  1485
Block: Buckler           |       |       |       |    33 |   160 |    49 ||   242

Table legend: (Time is in decaauts)
 A = Elapsed time spent in this place.
 B = Non-inter-level travel time spent in this place.
 C = Inter-level travel time spent in this place.
 D = Time resting spent in this place.
 E = Time spent auto-exploring this place.
 F = Levels seen in this place.
 G = Mean time per level.
                   A        B        C        D        E       F      G
               +--------+--------+--------+--------+--------+-----+--------+
         Total |  29772 |  28480 |   1292 |    373 |  22888 |  28 | 1063.3 |
       Dungeon |  15352 |  14497 |    855 |    133 |  11545 |  15 | 1023.5 |
        Temple |     84 |     72 |     12 |      0 |     67 |   1 |   84.0 |
          Lair |  10520 |  10195 |    325 |    160 |   8726 |   6 | 1753.3 |
         Swamp |    384 |    377 |      7 |      0 |    240 |   1 |  384.0 |
  Orcish Mines |   2025 |   1934 |     91 |     80 |   1299 |   2 | 1012.5 |
       Ossuary |    734 |    734 |      0 |      0 |    612 |   1 |  734.0 |
        Bailey |    250 |    250 |      0 |      0 |    127 |   1 |  250.0 |
       Volcano |    419 |    419 |      0 |      0 |    269 |   1 |  419.0 |
               +--------+--------+--------+--------+--------+-----+--------+

Top non-repeatable levels by time:
  Lair:6: 2204 daAuts
  Lair:3: 2059 daAuts
  Lair:4: 1905 daAuts
  Lair:2: 1800 daAuts
    D:10: 1625 daAuts
  Lair:5: 1469 daAuts
   Orc:2: 1464 daAuts
     D:1: 1432 daAuts
    D:14: 1267 daAuts
    D:11: 1244 daAuts
    D:13: 1166 daAuts
     D:6: 1111 daAuts
  Lair:1: 1080 daAuts
     D:3: 1036 daAuts
     D:5: 1009 daAuts
